[ AOE2 MATCH · #477413815 ]
UnrankedEthiopians vs Vietnamese
[ REPLAY ANALYSIS · EXTRACTED FROM THE RECORDED GAME ]
Feudal
9:41
Castle
28:16
Imperial
—
| APM avg | 36.5 |
| APM peak | 73 |
| eAPM avg | 15.5 |
| Villagers / military | 73 / 112 |
Focus
⚔️ 30.0% · 🌾 70.0%
Archer ×107 · Spearman ×5
Feudal
10:17
Castle
26:50
Imperial
—
| APM avg | 66.9 |
| APM peak | 118 |
| eAPM avg | 29.1 |
| Villagers / military | 46 / 84 |
Focus
⚔️ 26.0% · 🌾 74.0%
Archer ×60 · Spearman ×24
Feudal
8:51
Castle
23:15
Imperial
—
| APM avg | 56.5 |
| APM peak | 87 |
| eAPM avg | 31.9 |
| Villagers / military | 86 / 66 |
Focus
⚔️ 54.0% · 🌾 46.0%
Knight ×42 · Scout Cavalry ×24
Feudal
8:58
Castle
25:06
Imperial
—
| APM avg | 49.4 |
| APM peak | 80 |
| eAPM avg | 18.9 |
| Villagers / military | 79 / 58 |
Focus
⚔️ 30.4% · 🌾 69.6%
Knight ×30 · Scout Cavalry ×22 · Scorpion ×3 · Spearman ×3
Match map
Initial resources + every placement click. Lines = walls · curves = elevation contours. ◆ gold · ⬟ stone · ● berries · ✦ relic · ◌ wall gap
Your base· Open — unwalled flank
TheRe@l_Milo's base· ✓ Closed at 26:50 · 41t walls · 2 gate(s)
J40 | MrLowScore's base· Open — unwalled flank
brachigol's base· ✓ Closed at 25:06 · 45t walls · 1 gate(s)
Smoothed initial terrain · ◌ = detected wall gap · hover for details
Inputs per minute
— Jose de San Martín - - TheRe@l_Milo
Build order — Jose de San Martín
First 150 of 196 actions detected
| 0:00 | Create | Villager (Male) |
| 0:01 | Create | Villager (Male) |
| 0:04 | Build | House |
| 0:05 | Build | House |
| 0:21 | Create | Villager (Male) |
| 0:21 | Create | Villager (Male) |
| 0:22 | Create | Villager (Male) |
| 1:25 | Create | Villager (Male) |
| 1:26 | Create | Villager (Male) |
| 1:51 | Build | Lumber Camp |
| 2:02 | Create | Villager (Male) |
| 2:02 | Create | Villager (Male) |
| 2:16 | Create | Villager (Male) |
| 2:47 | Create | Villager (Male) |
| 3:13 | Create | Villager (Male) |
| 3:45 | Create | Villager (Male) |
| 3:46 | Create | Villager (Male) |
| 3:46 | Create | Villager (Male) |
| 3:54 | Create | Villager (Male) |
| 4:00 | Build | House |
| 4:09 | Create | Villager (Male) |
| 4:32 | Create | Villager (Male) |
| 4:33 | Create | Villager (Male) |
| 5:39 | Build | Mill |
| 5:50 | Create | Villager (Male) |
| 6:00 | Build | House |
| 6:16 | Create | Villager (Male) |
| 6:19 | Research | Loom |
| 6:24 | Create | Villager (Male) |
| 6:25 | Research | Loom |
| 7:31 | Research | Feudal Age |
| 7:31 | Research | Feudal Age |
| 7:42 | Build | Barracks |
| 8:47 | Build | Mining Camp |
| 9:21 | Create | Villager (Male) |
| 9:21 | Create | Villager (Male) |
| 9:41 | Age | Feudal Age |
| 9:46 | Build | Archery Range |
| 9:48 | Build | Archery Range |
| 9:53 | Research | Double-Bit Axe |
| 10:34 | Create | Villager (Male) |
| 10:34 | Create | Villager (Male) |
| 10:38 | Build | House |
| 10:43 | Create | Archer ×4 |
| 11:01 | Create | Spearman |
| 11:03 | Build | House |
| 11:20 | Create | Villager (Male) |
| 11:20 | Create | Villager (Male) |
| 11:27 | Build | House |
| 11:31 | Create | Villager (Male) |
| 11:31 | Create | Villager (Male) |
| 12:01 | Create | Spearman |
| 12:02 | Create | Villager (Male) |
| 12:02 | Create | Villager (Male) |
| 12:04 | Build | House |
| 12:13 | Create | Archer |
| 12:13 | Create | Archer |
| 12:32 | Create | Villager (Male) |
| 12:32 | Create | Villager (Male) |
| 12:35 | Build | Farm |
| 12:36 | Build | Farm |
| 12:46 | Create | Archer ×2 |
| 13:20 | Build | Blacksmith |
| 13:25 | Create | Archer ×2 |
| 13:25 | Create | Archer ×2 |
| 13:37 | Create | Spearman |
| 13:41 | Create | Archer |
| 13:44 | Build | House |
| 13:54 | Build | Farm |
| 14:13 | Create | Archer |
| 14:19 | Research | Fletching |
| 14:19 | Research | Fletching |
| 14:25 | Build | House |
| 14:58 | Create | Villager (Male) |
| 15:03 | Create | Archer ×2 |
| 15:33 | Create | Villager (Male) |
| 15:33 | Create | Villager (Male) |
| 15:45 | Build | Farm |
| 15:46 | Create | Villager (Male) |
| 15:52 | Build | Archery Range |
| 16:01 | Build | Farm |
| 16:07 | Create | Archer ×4 |
| 16:13 | Create | Villager (Male) |
| 16:37 | Create | Archer |
| 16:38 | Create | Archer |
| 16:38 | Create | Villager (Male) |
| 16:38 | Create | Villager (Male) |
| 16:42 | Build | Farm |
| 17:00 | Build | Farm |
| 17:03 | Build | Farm |
| 17:06 | Research | Padded Archer Armor |
| 17:11 | Build | House |
| 17:13 | Build | House |
| 17:28 | Create | Archer ×2 |
| 17:28 | Create | Archer ×2 |
| 17:48 | Create | Archer |
| 17:49 | Create | Archer |
| 17:57 | Create | Archer |
| 17:58 | Create | Villager (Male) |
| 17:58 | Create | Villager (Male) |
| 18:04 | Create | Villager (Male) |
| 18:38 | Create | Archer ×2 |
| 18:40 | Research | Gold Mining |
| 18:57 | Create | Archer |
| 18:58 | Create | Archer |
| 18:58 | Create | Villager (Male) |
| 18:59 | Create | Villager (Male) |
| 19:02 | Build | Farm |
| 19:10 | Build | Farm |
| 19:12 | Build | Farm |
| 19:14 | Build | Farm |
| 20:01 | Create | Archer ×5 |
| 20:10 | Create | Archer |
| 20:11 | Create | Villager (Male) |
| 20:11 | Create | Villager (Male) |
| 20:17 | Build | Mining Camp |
| 20:26 | Create | Archer |
| 20:27 | Create | Villager (Male) |
| 20:27 | Create | Villager (Male) |
| 20:46 | Create | Archer ×2 |
| 21:09 | Create | Archer ×2 |
| 21:10 | Create | Villager (Male) |
| 21:11 | Create | Villager (Male) |
| 21:39 | Create | Archer ×2 |
| 21:42 | Create | Villager (Male) |
| 21:42 | Create | Villager (Male) |
| 21:47 | Build | Farm |
| 21:49 | Create | Spearman |
| 21:49 | Create | Spearman |
| 21:54 | Build | House |
| 21:55 | Build | House |
| 22:48 | Create | Archer ×5 |
| 22:49 | Create | Villager (Male) |
| 22:49 | Create | Villager (Male) |
| 22:51 | Build | Farm |
| 22:53 | Create | Archer ×3 |
| 22:57 | Build | House |
| 23:01 | Build | House |
| 23:09 | Create | Archer ×2 |
| 23:10 | Create | Villager (Male) |
| 23:10 | Create | Villager (Male) |
| 23:17 | Build | Archery Range |
| 23:28 | Create | Archer ×2 |
| 23:31 | Create | Villager (Male) |
| 23:31 | Create | Villager (Male) |
| 24:06 | Create | Archer ×4 |
| 24:07 | Create | Villager (Male) |
| 24:07 | Create | Villager (Male) |
| 24:07 | Create | Villager (Male) |
| 24:17 | Build | Market |
Build order — TheRe@l_Milo
First 150 of 217 actions detected
| 0:00 | Create | Villager (Male) |
| 0:01 | Create | Villager (Male) |
| 0:02 | Build | House |
| 0:02 | Build | House |
| 0:07 | Create | Villager (Male) |
| 0:07 | Create | Villager (Male) |
| 0:07 | Create | Villager (Male) |
| 1:43 | Create | Villager (Male) |
| 2:06 | Create | Villager (Male) |
| 2:20 | Build | House |
| 2:21 | Build | House |
| 2:41 | Create | Villager (Male) |
| 3:09 | Create | Villager (Male) |
| 3:09 | Create | Villager (Male) |
| 3:32 | Build | Lumber Camp |
| 3:34 | Create | Villager (Male) |
| 3:34 | Create | Villager (Male) |
| 4:26 | Create | Villager (Male) |
| 4:26 | Create | Villager (Male) |
| 4:26 | Create | Villager (Male) |
| 5:13 | Create | Villager (Male) |
| 5:28 | Create | Villager (Male) |
| 5:51 | Create | Villager (Male) |
| 6:22 | Build | Mill |
| 6:24 | Create | Villager (Male) |
| 6:37 | Research | Loom |
| 6:37 | Research | Loom |
| 7:23 | Create | Villager (Male) |
| 8:00 | Build | Mining Camp |
| 8:07 | Research | Feudal Age |
| 9:02 | Build | Barracks |
| 9:19 | Build | Palisade Wall |
| 10:05 | Build | House |
| 10:10 | Build | Palisade Wall |
| 10:17 | Age | Feudal Age |
| 10:18 | Create | Spearman |
| 10:20 | Create | Spearman |
| 10:27 | Create | Villager (Male) |
| 10:27 | Create | Villager (Male) |
| 10:31 | Research | Double-Bit Axe |
| 10:41 | Build | Archery Range |
| 10:55 | Build | Palisade Wall |
| 10:58 | Build | Palisade Wall |
| 11:06 | Create | Villager (Male) |
| 11:14 | Build | House |
| 11:35 | Build | Farm |
| 11:36 | Build | Farm |
| 11:38 | Create | Villager (Male) |
| 11:49 | Create | Archer |
| 11:49 | Create | Archer |
| 11:49 | Create | Archer |
| 12:11 | Build | Farm |
| 12:11 | Create | Villager (Male) |
| 12:42 | Create | Villager (Male) |
| 12:49 | Build | Archery Range |
| 13:06 | Create | Villager (Male) |
| 13:20 | Build | Palisade Wall |
| 13:26 | Build | House |
| 13:32 | Build | Farm |
| 13:33 | Create | Villager (Male) |
| 13:38 | Create | Archer |
| 13:54 | Build | Farm |
| 14:04 | Create | Archer |
| 14:10 | Create | Villager (Male) |
| 14:11 | Create | Villager (Male) |
| 14:42 | Create | Archer |
| 14:42 | Create | Archer |
| 14:42 | Create | Archer |
| 14:42 | Create | Archer |
| 14:51 | Create | Villager (Male) |
| 15:30 | Create | Archer |
| 15:30 | Create | Archer |
| 15:30 | Create | Archer |
| 15:36 | Create | Villager (Male) |
| 15:43 | Build | House |
| 15:44 | Build | House |
| 15:49 | Build | House |
| 16:02 | Build | Blacksmith |
| 16:23 | Create | Spearman |
| 16:24 | Create | Spearman |
| 16:26 | Create | Villager (Male) |
| 16:37 | Build | Palisade Wall |
| 16:51 | Research | Fletching |
| 16:52 | Research | Padded Archer Armor |
| 16:52 | Research | Padded Archer Armor |
| 17:07 | Create | Archer |
| 17:09 | Create | Spearman |
| 17:28 | Research | Wheelbarrow |
| 17:28 | Research | Wheelbarrow |
| 17:30 | Create | Spearman |
| 17:36 | Build | Lumber Camp |
| 17:50 | Build | Palisade Wall |
| 17:51 | Build | Palisade Gate |
| 17:55 | Create | Spearman |
| 18:06 | Build | Farm |
| 18:07 | Build | Farm |
| 18:20 | Build | House |
| 18:21 | Build | House |
| 18:36 | Create | Villager (Male) |
| 18:40 | Build | Farm |
| 18:43 | Build | Farm |
| 18:57 | Create | Villager (Male) |
| 19:07 | Build | Farm |
| 19:07 | Build | Farm |
| 19:09 | Create | Villager (Male) |
| 19:14 | Build | Palisade Gate |
| 19:33 | Build | House |
| 19:38 | Build | Farm |
| 19:40 | Create | Villager (Male) |
| 19:49 | Create | Archer |
| 19:49 | Create | Archer |
| 19:50 | Create | Archer |
| 19:50 | Create | Archer |
| 19:50 | Create | Archer |
| 19:51 | Create | Archer |
| 19:56 | Build | House |
| 20:28 | Create | Villager (Male) |
| 20:32 | Build | Farm |
| 20:34 | Build | Farm |
| 20:37 | Create | Villager (Male) |
| 21:12 | Create | Archer |
| 21:12 | Create | Archer |
| 21:13 | Create | Archer |
| 21:13 | Create | Archer |
| 21:28 | Create | Villager (Male) |
| 21:39 | Build | Archery Range |
| 21:48 | Create | Villager (Male) |
| 21:54 | Build | Farm |
| 22:00 | Create | Archer |
| 22:00 | Create | Archer |
| 22:00 | Create | Archer |
| 22:07 | Create | Archer |
| 22:07 | Create | Archer |
| 22:19 | Build | Farm |
| 22:21 | Create | Villager (Male) |
| 22:31 | Create | Archer |
| 22:31 | Create | Archer |
| 22:46 | Create | Archer |
| 22:46 | Create | Archer |
| 22:49 | Build | House |
| 22:57 | Build | House |
| 23:10 | Create | Archer |
| 23:27 | Build | Farm |
| 24:10 | Research | Castle Age |
| 24:10 | Research | Castle Age |
| 24:18 | Research | Horse Collar |
| 24:55 | Create | Archer |
| 24:55 | Create | Archer |
| 24:55 | Create | Archer |
| 25:23 | Create | Archer |
Build order — J40 | MrLowScore
First 150 of 279 actions detected
| 0:01 | Create | Villager (Male) |
| 0:01 | Create | Villager (Male) |
| 0:02 | Build | House |
| 0:05 | Build | House |
| 0:25 | Create | Villager (Male) |
| 0:54 | Create | Villager (Male) |
| 1:33 | Create | Villager (Male) |
| 1:57 | Create | Villager (Male) |
| 2:03 | Build | Lumber Camp |
| 2:16 | Create | Villager (Male) |
| 2:50 | Create | Villager (Male) |
| 3:05 | Create | Villager (Male) |
| 3:42 | Create | Villager (Male) |
| 3:54 | Build | House |
| 4:11 | Create | Villager (Male) |
| 4:11 | Create | Villager (Male) |
| 4:40 | Create | Villager (Male) |
| 4:52 | Create | Villager (Male) |
| 4:52 | Create | Villager (Male) |
| 5:03 | Build | Mill |
| 5:59 | Create | Villager (Male) |
| 6:06 | Research | Loom |
| 6:40 | Research | Feudal Age |
| 7:37 | Create | Villager (Male) |
| 8:09 | Build | Barracks |
| 8:44 | Build | House |
| 8:51 | Age | Feudal Age |
| 8:59 | Create | Villager (Male) |
| 9:13 | Build | Stable |
| 9:34 | Create | Villager (Male) |
| 9:41 | Build | House |
| 9:58 | Create | Villager (Male) |
| 9:59 | Create | Scout Cavalry |
| 9:59 | Create | Scout Cavalry |
| 10:01 | Build | House |
| 10:06 | Research | Double-Bit Axe |
| 10:06 | Research | Double-Bit Axe |
| 10:23 | Create | Villager (Male) |
| 10:25 | Build | Farm |
| 10:32 | Build | House |
| 10:34 | Create | Scout Cavalry |
| 10:34 | Create | Scout Cavalry |
| 10:45 | Create | Villager (Male) |
| 10:46 | Create | Villager (Male) |
| 10:48 | Build | Farm |
| 10:57 | Build | Farm |
| 10:59 | Create | Villager (Male) |
| 11:12 | Build | Palisade Gate |
| 11:15 | Create | Scout Cavalry |
| 11:16 | Create | Scout Cavalry |
| 11:23 | Build | Farm |
| 11:30 | Build | Palisade Wall |
| 11:45 | Build | Farm |
| 11:56 | Create | Scout Cavalry |
| 11:59 | Build | House |
| 12:00 | Build | Palisade Wall |
| 12:06 | Create | Villager (Male) |
| 12:07 | Build | Farm |
| 12:17 | Create | Scout Cavalry |
| 12:22 | Create | Villager (Male) |
| 12:42 | Build | House |
| 12:48 | Build | House |
| 12:49 | Build | Palisade Wall |
| 12:54 | Create | Scout Cavalry |
| 12:56 | Create | Villager (Male) |
| 12:58 | Build | Farm |
| 12:59 | Build | Farm |
| 13:16 | Build | Palisade Wall |
| 13:20 | Build | Palisade Wall |
| 13:25 | Create | Scout Cavalry |
| 13:33 | Create | Villager (Male) |
| 13:46 | Build | Farm |
| 13:48 | Build | Farm |
| 13:53 | Build | Farm |
| 13:54 | Create | Villager (Male) |
| 14:09 | Create | Villager (Male) |
| 14:11 | Build | Farm |
| 14:13 | Build | Farm |
| 14:14 | Build | Farm |
| 14:24 | Create | Villager (Male) |
| 14:35 | Build | Palisade Wall |
| 14:44 | Create | Scout Cavalry |
| 14:44 | Create | Scout Cavalry |
| 14:52 | Create | Villager (Male) |
| 15:05 | Build | Blacksmith |
| 15:10 | Create | Scout Cavalry |
| 15:17 | Create | Villager (Male) |
| 15:34 | Create | Scout Cavalry |
| 15:37 | Build | House |
| 15:41 | Research | Forging |
| 15:52 | Create | Scout Cavalry |
| 15:56 | Build | Market |
| 16:02 | Create | Scout Cavalry |
| 16:08 | Create | Villager (Male) |
| 16:19 | Create | Villager (Male) |
| 16:19 | Create | Villager (Male) |
| 16:44 | Build | Farm |
| 16:45 | Build | Farm |
| 16:46 | Build | Farm |
| 16:47 | Build | Farm |
| 16:49 | Create | Scout Cavalry |
| 16:52 | Create | Villager (Male) |
| 16:53 | Create | Villager (Male) |
| 17:12 | Create | Scout Cavalry |
| 17:27 | Build | Farm |
| 17:31 | Build | Mining Camp |
| 17:32 | Create | Villager (Male) |
| 17:44 | Create | Scout Cavalry |
| 17:50 | Create | Villager (Male) |
| 17:57 | Build | House |
| 18:02 | Create | Scout Cavalry |
| 18:15 | Create | Villager (Male) |
| 18:18 | Build | Farm |
| 18:33 | Research | Scale Barding Armor |
| 18:54 | Create | Villager (Male) |
| 19:16 | Create | Villager (Male) |
| 19:51 | Build | Watch Tower |
| 19:57 | Build | Blacksmith |
| 20:00 | Build | House |
| 20:02 | Build | House |
| 20:06 | Build | House |
| 20:35 | Research | Castle Age |
| 20:48 | Create | Scout Cavalry |
| 20:57 | Create | Scout Cavalry |
| 21:30 | Build | Lumber Camp |
| 21:34 | Build | Farm |
| 21:34 | Build | Farm |
| 21:34 | Build | Farm |
| 21:35 | Build | Farm |
| 21:35 | Build | Farm |
| 21:35 | Build | Farm |
| 21:43 | Create | Scout Cavalry |
| 21:46 | Build | Stable |
| 21:58 | Build | Lumber Camp |
| 22:14 | Create | Scout Cavalry |
| 22:19 | Research | Wheelbarrow |
| 22:21 | Research | Gold Mining |
| 22:28 | Build | Palisade Wall |
| 22:38 | Build | Palisade Wall |
| 22:58 | Build | House |
| 23:15 | Age | Castle Age |
| 23:20 | Research | Light Cavalry (upgrade) |
| 23:23 | Create | Knight |
| 23:24 | Create | Knight |
| 23:25 | Build | Farm |
| 23:26 | Create | Villager (Male) |
| 23:27 | Build | Farm |
| 23:34 | Build | House |
| 23:49 | Build | House |
| 23:50 | Build | Palisade Wall |
Build order — brachigol
First 150 of 252 actions detected
| 0:01 | Create | Villager (Male) ×4 |
| 0:02 | Build | House |
| 0:04 | Build | House |
| 0:08 | Build | House |
| 1:38 | Create | Villager (Male) |
| 2:01 | Create | Villager (Male) |
| 2:06 | Build | Lumber Camp |
| 2:30 | Create | Villager (Male) |
| 2:52 | Create | Villager (Male) |
| 2:53 | Create | Villager (Male) |
| 3:17 | Create | Villager (Male) |
| 3:43 | Create | Villager (Male) |
| 3:43 | Create | Villager (Male) |
| 3:54 | Build | House |
| 4:06 | Create | Villager (Male) |
| 4:06 | Create | Villager (Male) |
| 4:20 | Build | Mill |
| 4:31 | Create | Villager (Male) |
| 5:13 | Create | Villager (Male) |
| 5:49 | Create | Villager (Male) |
| 5:50 | Research | Loom |
| 6:48 | Research | Feudal Age |
| 7:14 | Build | Barracks |
| 7:40 | Build | House |
| 8:33 | Build | House |
| 8:50 | Create | Villager (Male) |
| 8:50 | Create | Villager (Male) |
| 8:58 | Age | Feudal Age |
| 9:00 | Build | Stable |
| 9:02 | Research | Double-Bit Axe |
| 9:08 | Create | Spearman |
| 9:27 | Create | Spearman |
| 9:33 | Create | Villager (Male) |
| 9:40 | Build | Palisade Wall |
| 9:42 | Build | House |
| 9:43 | Build | Palisade Wall |
| 9:45 | Create | Scout Cavalry |
| 9:45 | Create | Scout Cavalry |
| 9:48 | Build | House |
| 10:21 | Build | House |
| 10:21 | Create | Villager (Male) |
| 10:31 | Build | Farm |
| 10:32 | Build | Farm |
| 10:34 | Build | Farm |
| 10:59 | Create | Villager (Male) |
| 11:03 | Build | House |
| 11:03 | Build | House |
| 11:17 | Create | Villager (Male) |
| 11:19 | Build | Farm |
| 11:20 | Create | Scout Cavalry |
| 11:24 | Build | Palisade Wall |
| 11:33 | Create | Scout Cavalry |
| 11:39 | Create | Spearman |
| 11:46 | Build | Palisade Wall |
| 11:53 | Create | Scout Cavalry |
| 11:54 | Create | Villager (Male) |
| 11:57 | Build | Farm |
| 11:58 | Build | Farm |
| 12:08 | Build | Farm |
| 12:15 | Create | Villager (Male) |
| 12:31 | Build | Farm |
| 12:32 | Build | Farm |
| 12:42 | Build | House |
| 12:43 | Build | Palisade Wall |
| 12:46 | Create | Villager (Male) |
| 13:10 | Create | Scout Cavalry |
| 13:22 | Build | House |
| 13:23 | Build | Palisade Wall |
| 13:28 | Create | Villager (Male) |
| 13:30 | Build | Farm |
| 13:31 | Build | Farm |
| 13:33 | Build | Farm |
| 13:57 | Create | Villager (Male) |
| 14:01 | Build | Farm |
| 14:04 | Build | Farm |
| 14:09 | Create | Scout Cavalry |
| 14:12 | Create | Villager (Male) |
| 14:18 | Build | House |
| 14:19 | Build | House |
| 14:31 | Create | Villager (Male) |
| 14:37 | Build | Palisade Wall |
| 14:40 | Build | Palisade Wall |
| 14:52 | Create | Villager (Male) |
| 14:53 | Create | Scout Cavalry |
| 15:03 | Build | Farm |
| 15:04 | Build | Farm |
| 15:17 | Build | House |
| 15:31 | Create | Scout Cavalry |
| 15:34 | Build | Blacksmith |
| 15:36 | Build | House |
| 15:46 | Create | Villager (Male) |
| 15:58 | Build | House |
| 16:04 | Build | Farm |
| 16:05 | Create | Villager (Male) |
| 16:11 | Create | Scout Cavalry |
| 16:21 | Build | House |
| 16:33 | Create | Scout Cavalry |
| 16:37 | Research | Forging |
| 16:40 | Create | Villager (Male) |
| 16:53 | Build | Farm |
| 16:58 | Build | House |
| 17:06 | Create | Scout Cavalry |
| 17:15 | Build | Farm |
| 17:17 | Research | Scale Barding Armor |
| 17:26 | Build | Palisade Wall |
| 17:35 | Create | Scout Cavalry |
| 17:36 | Create | Villager (Male) |
| 17:36 | Create | Villager (Male) |
| 17:55 | Build | House |
| 17:56 | Build | House |
| 17:58 | Build | House |
| 17:59 | Build | House |
| 18:18 | Create | Scout Cavalry |
| 18:19 | Create | Villager (Male) |
| 18:43 | Create | Villager (Male) |
| 18:46 | Build | Farm |
| 18:47 | Build | Farm |
| 18:50 | Build | Farm |
| 18:51 | Build | Farm |
| 18:52 | Build | Farm |
| 18:53 | Create | Villager (Male) |
| 18:56 | Build | Farm |
| 19:03 | Build | Farm |
| 19:09 | Build | House |
| 19:15 | Build | House |
| 19:45 | Create | Villager (Male) |
| 19:48 | Build | Mining Camp |
| 19:58 | Build | House |
| 20:02 | Build | House |
| 20:08 | Build | Palisade Wall |
| 20:13 | Create | Villager (Male) |
| 20:21 | Create | Scout Cavalry |
| 20:46 | Create | Villager (Male) |
| 20:49 | Create | Scout Cavalry |
| 21:01 | Research | Wheelbarrow |
| 21:14 | Create | Scout Cavalry |
| 21:32 | Create | Scout Cavalry |
| 21:33 | Create | Villager (Male) |
| 21:43 | Build | Stable |
| 22:01 | Research | Castle Age |
| 22:34 | Create | Scout Cavalry |
| 22:39 | Create | Scout Cavalry |
| 22:47 | Build | Gate |
| 23:05 | Create | Scout Cavalry |
| 23:06 | Create | Scout Cavalry |
| 24:06 | Research | Gold Mining |
| 24:22 | Build | House |
| 24:24 | Build | House |
| 25:01 | Build | House |
| 25:04 | Build | House |
Match timeline
| 7:14 | brachigol · first_building Barracks |
| 7:42 | Jose de San Martín · first_building Barracks |
| 8:09 | J40 | MrLowScore · first_building Barracks |
| 8:51 | J40 | MrLowScore · age_up feudal |
| 8:58 | brachigol · age_up feudal |
| 9:00 | brachigol · first_building Stable |
| 9:02 | TheRe@l_Milo · first_building Barracks |
| 9:13 | J40 | MrLowScore · first_building Stable |
| 9:19 | TheRe@l_Milo · wall_segment Palisade Wall x6 |
| 9:40 | brachigol · wall_segment Palisade Wall x3 |
| 9:41 | Jose de San Martín · age_up feudal |
| 9:43 | brachigol · wall_segment Palisade Wall x4 |
| 9:46 | Jose de San Martín · first_building Archery Range |
| 10:10 | TheRe@l_Milo · wall_segment Palisade Wall x4 |
| 10:17 | TheRe@l_Milo · age_up feudal |
| 10:41 | TheRe@l_Milo · first_building Archery Range |
| 10:55 | TheRe@l_Milo · wall_segment Palisade Wall x7 |
| 10:58 | TheRe@l_Milo · wall_segment Palisade Wall x5 |
| 11:24 | brachigol · wall_segment Palisade Wall x7 |
| 11:30 | J40 | MrLowScore · wall_segment Palisade Wall x5 |
| 11:46 | brachigol · wall_segment Palisade Wall x6 |
| 12:00 | J40 | MrLowScore · wall_segment Palisade Wall x1 |
| 12:43 | brachigol · wall_segment Palisade Wall x5 |
| 12:49 | J40 | MrLowScore · wall_segment Palisade Wall x14 |
| 13:16 | J40 | MrLowScore · wall_segment Palisade Wall x5 |
| 13:20 | TheRe@l_Milo · wall_segment Palisade Wall x10 |
| 13:20 | J40 | MrLowScore · wall_segment Palisade Wall x2 |
| 13:23 | brachigol · wall_segment Palisade Wall x9 |
| 14:35 | J40 | MrLowScore · wall_segment Palisade Wall x9 |
| 14:37 | brachigol · wall_segment Palisade Wall x2 |
| 14:40 | brachigol · wall_segment Palisade Wall x4 |
| 16:37 | TheRe@l_Milo · wall_segment Palisade Wall x9 |
| 17:26 | brachigol · wall_segment Palisade Wall x4 |
| 17:50 | TheRe@l_Milo · wall_segment Palisade Wall x8 |
| 18:19 | J40 | MrLowScore · first_market_sell 100 wood |
| 19:03 | J40 | MrLowScore · first_market_buy 100 food |
| 20:08 | brachigol · wall_segment Palisade Wall x1 |
| 22:28 | J40 | MrLowScore · wall_segment Palisade Wall x1 |
| 22:38 | J40 | MrLowScore · wall_segment Palisade Wall x2 |
| 23:15 | J40 | MrLowScore · age_up castle |
| 23:50 | J40 | MrLowScore · wall_segment Palisade Wall x5 |
| 24:56 | J40 | MrLowScore · wall_segment Palisade Wall x1 |
| 25:06 | brachigol · age_up castle |
| 25:07 | brachigol · wall_segment Palisade Wall x1 |
| 25:23 | J40 | MrLowScore · wall_segment Palisade Wall x1 |
| 26:44 | brachigol · wall_segment Stone Wall x7 |
| 26:50 | TheRe@l_Milo · age_up castle |
| 28:16 | Jose de San Martín · age_up castle |
| 29:05 | Jose de San Martín · first_market_buy 100 wood |
| 29:53 | brachigol · first_building Siege Workshop |
| 29:55 | Jose de San Martín · first_market_sell 100 stone |
| 33:36 | brachigol · resign |
[ AI ANALYSIS · 1 CREDIT ]
What really happened in this match?
Wolo.gg analyzes every decision: build order, eco, micro, common mistakes by bracket. Personalized analysis on WhatsApp or Discord in 30 seconds.
Civ guide
Ethiopians
Perfil
Jugador #2618342